 Dungeon Crawl Stone Soup version 0.29-a0-977-g7483850d73 (webtiles) character file.

Game seed: 16835966829804225862

6060 lojdshgedfj the Covert (level 10, -4/49 HPs)
             Began as a Spriggan Enchanter on Aug 1, 2022.
             Was a Follower of Dithmenos.
             Slain by an orc priest
             ... wielding a +0 trident
              (6 damage)
             ... on level 9 of the Dungeon.
             The game lasted 00:23:50 (12812 turns).

lojdshgedfj the Covert (Spriggan Enchanter)        Turns: 12812, Time: 00:23:50

Health: -4/49      AC:  4    Str:  8    XL:     10   Next: 57%
Magic:  15/25      EV: 20    Int: 18    God:    Dithmenos [*.....]
Gold:   1400       SH:  0    Dex: 15    Spells: 18/29 levels left

rFire   + . .      SeeInvis +   z - +0 dagger (venom)
rCold   . . .      Faith    .   (no shield)
rNeg    . . .      Spirit   .   b - +0 robe
rPois   .          Reflect  .   (helmet restricted)
rElec   .          Harm     .   j - +1 cloak
rCorr   .          Rampage  .   (gloves unavailable)
Will    +....                   (boots unavailable)
Stlth   ++++++....              h - amulet of the acrobat
HPRegen 0.16/turn               k - ring of protection from fire
MPRegen 0.19/turn               (no ring)

@: wreathed by umbra, invisible, very quick
A: very small, no large weapons, unfitting armour, see invisible, speed 3
a: Renounce Religion


You were on level 9 of the Dungeon.
You worshipped Dithmenos.
Dithmenos was aware of your devotion.
You visited 2 branches of the dungeon, and saw 10 of its levels.
You also visited: Sewer.

You collected 1608 gold pieces.
You spent 208 gold pieces at shops.

Inventory:

Hand Weapons
 a - a +1 dagger
 z - a +0 dagger of venom (weapon)
Missiles
 i - 38 poisoned darts (quivered)
Armour
 b - a +0 robe (worn)
 j - a +1 cloak (worn)
 A - a +0 cloak of willpower
Jewellery
 h - an amulet of the acrobat (around neck)
 k - a ring of protection from fire (left hand)
Wands
 o - a wand of flame (33)
 s - a wand of roots (6)
Scrolls
 e - 3 scrolls of teleportation
 r - 2 scrolls of fog
 v - 2 scrolls of fear
Potions
 c - a potion of invisibility
 d - 3 potions of curing
 g - 3 potions of haste
 l - 2 potions of might
 n - 5 potions of lignification
 q - 4 potions of brilliance
 u - a potion of resistance {unknown}
 w - a potion of magic {unknown}
 x - a potion of flight {unknown}


   Skills:
 + Level 3.5 Fighting
 + Level 4.9 Short Blades
 + Level 6.4 Dodging
 + Level 12.4 Stealth
 + Level 10.3 Spellcasting
 + Level 10.6 Hexes


You had 18 spell levels left.
You knew the following spells:

 Your Spells              Type           Power      Damage    Failure   Level
a - Ensorcelled Hibernat  Hex/Ice        56%        N/A       1%          2
b - Tukima's Dance        Hex            47%        N/A       1%          3
c - Dazzling Flash        Conj/Hex       56%        N/A       2%          3
d - Confusing Touch       Hex            47%        N/A       1%          3

Your spell library contained the following spells:

 Spells                   Type           Power      Damage    Failure   Level
 Inner Flame              Hex/Fire       28%        N/A       2%          3
 Foxfire                  Conj/Fire      36%        2x1d5     8%          1
 Freeze                   Ice            36%        1d6       8%          1
 Magic Dart               Conj           36%        1d4       8%          1
 Necrotise                Necr           36%        1d5       8%          1
 Anguish                  Hex/Necr       14%        N/A       9%          4
 Call Imp                 Summ           9%         N/A       12%         2
 Passwall                 Tmut/Erth      7%         N/A       12%         2
 Conjure Flame            Conj/Fire      9%         6-21      22%         3
 Frozen Ramparts          Ice            18%        1d3       22%         3
 Mephitic Cloud           Conj/Pois/Air  9%         N/A       22%         3
 Ozocubu's Armour         Ice            9%         N/A       22%         3
 Swiftness                Air            9%         N/A       22%         3
 Vampiric Draining        Necr           9%         2d6       22%         3
 Flame Wave               Conj/Fire      9%         2d6       58%         4
 Hailstorm                Conj/Ice       9%         3d4       58%         4
 Iskenderun's Mystic Bla  Conj/Tloc      9%         2d4       58%         4
 Enfeeble                 Hex            23%        N/A       63%         7
 Agony                    Necr           9%         N/A       91%         5
 Starburst                Conj/Fire      4%         6d4       100%        6
 Ozocubu's Refrigeration  Ice            4%         4d5       100%        7


Dungeon Overview and Level Annotations

Branches:
Dungeon (9/15)             Temple (1/1) D:7           Sewer (visited)
   Lair: D:8-11         Orc: D:9-12

Altars:
Ashenzari
Cheibriados
Dithmenos
Elyvilon
Fedhas
Gozag
Hepliaklqana
Kikubaaqudgha
Makhleb
Nemelex Xobeh
Okawaru
Qazlal
Ru
Sif Muna
Trog
Uskayaw
Vehumet
Wu Jian
Xom
Yredelemnul
Zin
The Shining One

Shops:
D:6 :   D:7 *

Annotations:
D:5 3 runed translucent doors, fly's ghost, weakling DgDe


Innate Abilities, Weirdness & Mutations

You are very small and have problems with some larger weapons.
You are too small for most types of armour.
You have supernaturally acute eyesight. (SInv)
You cover ground extremely quickly. (Speed+++)


Message History

Unknown command.
Casting: Ensorcelled Hibernation (safe; 1% risk of failure)
Confirm with . or Enter, or press ? or * to list all spells.
Aiming: Ensorcelled Hibernation (safe; 1% risk of failure)
Press: ? - help, Shift-Dir - straight line, f/p - orc sorcerer
Aim: an orc sorcerer, wielding a +2 dagger of electrocution and wearing a +0 leather armour (umbra, chance to affect: 41%)
The orc sorcerer resists with some effort.
The orc sorcerer drinks a potion.
The orc sorcerer flickers and vanishes for a moment.
The orc priest completely misses you.
Casting: Ensorcelled Hibernation (safe; 1% risk of failure)
Confirm with . or Enter, or press ? or * to list all spells.
Aiming: Ensorcelled Hibernation (safe; 1% risk of failure)
Press: ? - help, Shift-Dir - straight line, f/p - orc sorcerer
Aim: an orc sorcerer, wielding a +2 dagger of electrocution and wearing a +0 leather armour (slightly transparent, umbra, chance to affect: 41%)
The orc sorcerer resists with some effort.
The orc sorcerer hits you with a +2 dagger of electrocution!
* * * LOW HITPOINT WARNING * * *
The orc priest mumbles some strange prayers to Beogh against you.
Pain shoots through your body!
* * * LOW HITPOINT WARNING * * *
Unknown command.
Casting: Ensorcelled Hibernation (safe; 1% risk of failure)
Confirm with . or Enter, or press ? or * to list all spells.
Aiming: Ensorcelled Hibernation (safe; 1% risk of failure)
Press: ? - help, Shift-Dir - straight line, f/p - orc sorcerer
Aim: an orc sorcerer, wielding a +2 dagger of electrocution and wearing a +0 leather armour (slightly transparent, umbra, chance to affect: 41%)
The orc sorcerer resists with some effort.
The orc sorcerer gestures at you while chanting.
You resist with almost no effort. The orc priest completely misses you.
Unknown command.
Casting: Ensorcelled Hibernation (safe; 1% risk of failure)
Confirm with . or Enter, or press ? or * to list all spells.
Aiming: Ensorcelled Hibernation (safe; 1% risk of failure)
Press: ? - help, Shift-Dir - straight line, f/p - orc sorcerer
Aim: an orc sorcerer, wielding a +2 dagger of electrocution and wearing a +0 leather armour (slightly transparent, umbra, chance to affect: 41%)
The orc sorcerer resists with some effort.
The orc sorcerer completely misses you.
The orc priest hits you with a +0 trident.
You die...

######## ≈♣≈ #......# ≈≈≈≈
####......# ≈≈≈PP #.........# ##
≈≈≈≈≈ #.........######### #.
≈≈P≈≈ #.......).........# #.
≈≈≈PP♣ ####.................####.
≈≈≈≈≈≈##.........o...............
♣P..........@o)..)...........
♣♣...................≈≈≈♣#####
♣...................≈P≈≈≈...
♣............[........≈P..... ≈
♣♣..........[[).......#.......
≈≈♣♣♣♣.>.♣♣♣≈♣).)........#.......
P≈≈≈≈≈≈♣≈P≈≈P≈P[.........#.......
≈P≈≈≈≈≈≈≈PP≈≈≈≈♣..#......#.......
≈≈≈≈≈≈≈≈≈≈P≈≈≈≈P).#......#


You could see an orc sorcerer (invisible) and an orc priest (unable to see you).

Vanquished Creatures
  A manticore (D:9)
  Maurice (D:8)
  An orange demon (D:8)
  2 trolls
  2 wyverns
  Grum (D:8)
  A steam dragon (D:8)
  A warg (D:9)
  2 water moccasins
  2 ice beasts
  An orc warrior (D:9)
  A black bear (D:6)
  2 wolves (D:8)
  A phantom (D:5)
  A centaur (D:5)
  3 kobold brigands
  6 bullfrogs
  A gnoll sergeant (D:9)
  2 necrophages
  2 scorpions
  2 wights
  2 howler monkeys (D:9)
  2 hounds
  7 orc priests
  2 jellies (D:5)
  3 iguanas
  Jessica (D:3)
  12 orc wizards
  A hell rat (Sewer)
  6 gnolls
  2 adders
  A shadow imp (D:6)
  A white imp (D:6)
  5 worms
  A dart slug (D:3)
  29 orcs
  10 bats
  3 endoplasms
  4 giant cockroaches
  4 goblins
  7 hobgoblins
  14 jackals
  4 quokkas
  5 ball pythons
  3 frilled lizards
  16 kobolds
  11 rats
192 creatures vanquished.

Vanquished Creatures (collateral kills)
  Amaemon (D:8)
  8 wights
  An orc priest (D:9)
  An orc wizard (D:8)
  3 gnolls (D:4)
  A dart slug (D:4)
  2 orcs (D:8)
17 creatures vanquished.

Vanquished Creatures (others)
  2 dancing weapons (D:4)
  An orc (D:9)
  30 plants
33 creatures vanquished.

Grand Total: 242 creatures vanquished

Notes
Turn   | Place    | Note
-------+----------+-------------------------------------------
     0 | D:1      | lojdshgedfj the Spriggan Enchanter began the quest for the
                  | Orb.
     0 | D:1      | Reached XP level 1. HP: 9/9 MP: 5/5
   277 | D:1      | Noticed a shining eye
   283 | D:1      | Noticed a golden eye
   285 | D:1      | Found a faded altar of an unknown god.
   288 | D:1      | Noticed a great orb of eyes
   288 | D:1      | Noticed a floating eye
   462 | D:1      | Reached XP level 2. HP: 7/13 MP: 7/7
   465 | D:1      | Learned a level 2 spell: Ensorcelled Hibernation
  1413 | D:2      | Reached XP level 3. HP: 10/16 MP: 9/9
  1553 | D:2      | Learned a level 3 spell: Tukima's Dance
  1557 | D:2      | Learned a level 3 spell: Confusing Touch
  2746 | D:3      | Reached XP level 4. HP: 15/21 MP: 3/11
  2895 | D:3      | Reached skill level 5 in Hexes
  3107 | D:3      | Found an iron altar of Okawaru.
  3113 | D:3      | Noticed Jessica
  3117 | D:3      | Killed Jessica
  3147 | D:3      | Reached skill level 5 in Spellcasting
  3147 | D:3      | Reached XP level 5. HP: 15/24 MP: 0/13
  3335 | D:3      | Found a glowing golden altar of the Shining One.
  3361 | D:3      | Reached skill level 5 in Stealth
  3541 | D:3      | Found an opulent altar of Gozag.
  4180 | D:4      | Reached XP level 6. HP: 25/28 MP: 8/15
  5198 | D:4      | Reached skill level 6 in Stealth
  5901 | D:5      | Entered Level 5 of the Dungeon
  6005 | D:5      | Reached XP level 7. HP: 19/32 MP: 17/17
  6247 | D:5      | Found a burning altar of Makhleb.
  6249 | D:5      | Noticed a cacodemon
  6251 | D:5      | Found a glowing silver altar of Zin.
  6252 | D:5      | Noticed an angel
  6286 | D:5      | Reached skill level 7 in Stealth
  6492 | D:5      | Found a runed translucent gate.
  6492 | D:5      | Found a runed translucent gate.
  6492 | D:5      | Found a runed translucent gate.
  6497 | D:5      | Noticed fly's ghost (weakling DgDe)
  6705 | D:5      | Reached skill level 8 in Stealth
  6830 | D:5      | Found a glowing drain.
  6836 | Sewer    | Entered a sewer
  7211 | D:5      | Reached XP level 8. HP: 36/36 MP: 20/20
  7755 | D:6      | Reached skill level 9 in Stealth
  8020 | D:6      | Found Poqootou's Book Shoppe.
  8347 | D:6      | Reached skill level 10 in Stealth
  9156 | D:7      | Noticed an angel
  9159 | D:7      | Found Eruc's Hallowed Reliquary.
  9165 | D:7      | Bought a potion of curing for 39 gold pieces
  9165 | D:7      | Bought a potion of heal wounds for 65 gold pieces
  9165 | D:7      | Bought a potion of curing for 39 gold pieces
  9165 | D:7      | Bought a potion of heal wounds for 65 gold pieces
  9415 | D:7      | Reached XP level 9. HP: 39/39 MP: 19/22
  9458 | D:7      | Found a staircase to the Ecumenical Temple.
  9524 | Temple   | Entered the Ecumenical Temple
  9888 | D:7      | Found a broken altar of Ashenzari.
  9898 | D:7      | Learned a level 3 spell: Dazzling Flash
  9957 | D:7      | Reached skill level 1 in Fighting
 10527 | D:8      | Noticed Maurice
 10899 | D:8      | Killed Maurice
 10900 | D:8      | Reached skill level 11 in Stealth
 10912 | D:8      | Identified a scroll of acquirement
 10912 | D:8      | Acquired 987 gold pieces
 10924 | D:8      | Noticed Grum
 10931 | D:8      | Killed Grum
 10931 | D:8      | HP: 1/42 [wolf[Grum] (5)]
 11461 | D:8      | Noticed a troll
 11463 | D:8      | Killed a troll
 11464 | D:8      | Reached skill level 10 in Hexes
 11521 | D:8      | Noticed Amaemon
 11524 | D:8      | Noticed an orange demon
 11542 | D:8      | Killed Amaemon
 11543 | D:8      | Reached skill level 5 in Dodging
 11543 | D:8      | Reached XP level 10. HP: 18/47 MP: 24/24
 11545 | D:8      | Killed an orange demon
 11758 | D:8      | Reached skill level 12 in Stealth
 11758 | D:8      | Reached skill level 10 in Spellcasting
 12017 | D:9      | Found an ornate altar of the Wu Jian Council.
 12029 | D:9      | Found a shadowy altar of Dithmenos.
 12034 | D:9      | Became a worshipper of Dithmenos the Shadowed
 12539 | D:9      | Reached * piety under Dithmenos
 12605 | D:9      | Noticed a manticore
 12613 | D:9      | Killed a manticore
 12794 | D:9      | Noticed an orc sorcerer
 12810 | D:9      | HP: 1/49 [orc priest/nerve-wracking pain (3)]
 12812 | D:9      | Slain by an orc priest

Illustrated notes

Levels and vault maps discovered:
D:1:      nicolae_arrival_somewhat_less_tricky_arrival, layout_rooms,
          hellmonk_ecumenical_altar_watching_god, corexii_corridor_pit
D:2:      layout_basic
D:3:      layout_loops_ring, jmf_multi_god_temple, lemuel_doored_altar,
          serial_bayou_pond_d, serial_bayou_pond_b, uniq_jessica
D:4:      layout_basic
D:5:      layout_basic, grunt_temple_overflow_order_and_chaos_2,
          portal_sewer_entry_e, gammafunk_ghost_necromancy
D:6:      layout_basic, serial_shops, shop, reono_crystal_passage
D:7:      mumra_celtic_spiral_tile, layout_loops_ring, evilmike_ruin_ashenzari,
          minmay_temple_entry_purple_smoke, nicolae_good_shop
D:8:      layout_rooms, minmay_misc_feat_hallway, dreamdust_wishing_well,
          uniq_maurice, uniq_grum, uniq_amaemon
D:9:      lemuel_castle_with_subvaults [lemuel_castle_interior_original],
          layout_irregular_city, amethyst_overflow_temple_binary, serial_shops,
          shop, serial_bayou, serial_bayou_pond_e, serial_bayou_shore_a,
          serial_bayou_ford_a, serial_bayou_lagoon_b, serial_bayou_pond_e,
          serial_bayou_shore_b
Temple:   nicolae_temple_ecumenical_triangle

Skill      XL: |  1  2  3  4  5  6  7  8  9 10 |
---------------+-------------------------------+-----
Spellcasting   | 3 4 5 6 7 8 9 10 | 10.3
Hexes          | 4 5 6 7 9 10 | 10.6
Stealth        | 5 6 8 10 11 12 | 12.4
Dodging        | 5 6 |  6.4
Fighting       | 2 3 |  3.5
Short Blades   | 3 4 |  4.9

Action                   |  1- 3 |  4- 6 |  7- 9 | 10-12 || total
-------------------------+-------+-------+-------+-------++-------
Melee: Dagger            |   157 |   161 |   247 |   116 ||   681
       Punch             |       |     3 |     3 |     1 ||     7
 Cast: Ensorcelled Hiber |     9 |    33 |    59 |    24 ||   125
       Tukima's Dance    |       |    11 |     9 |     6 ||    26
       Confusing Touch   |       |     2 |     5 |       ||     7
  Use: Scroll            |     7 |     4 |    11 |     2 ||    24
       Potion            |       |       |     3 |     9 ||    12
 Stab: Sleeping          |    11 |    21 |    53 |     7 ||    92
       Distracted        |     1 |       |     2 |       ||     3
       Confused          |       |     4 |     7 |       ||    11
       Invisible         |       |       |     1 |     1 ||     2
Armor: Robe              |    14 |    20 |    25 |    12 ||    71
Dodge: Dodged            |   134 |   159 |   212 |   125 ||   630

Table legend: (Time is in decaauts)
 A = Elapsed time spent in this place.
 B = Non-inter-level travel time spent in this place.
 C = Inter-level travel time spent in this place.
 D = Time resting spent in this place.
 E = Time spent auto-exploring this place.
 F = Levels seen in this place.
 G = Mean time per level.
                   A        B        C        D        E       F      G
               +--------+--------+--------+--------+--------+-----+--------+
         Total |  10183 |  10045 |    138 |    686 |   7633 |  11 |  925.7 |
       Dungeon |   9814 |   9685 |    129 |    586 |   7429 |   9 | 1090.4 |
        Temple |    118 |    110 |      8 |      0 |    105 |   1 |  118.0 |
         Sewer |    250 |    250 |      0 |    100 |     98 |   1 |  250.0 |
               +--------+--------+--------+--------+--------+-----+--------+

Top non-repeatable levels by time:
     D:4: 1367 daAuts
     D:3: 1350 daAuts
     D:2: 1191 daAuts
     D:7: 1177 daAuts
     D:5: 1172 daAuts
     D:6: 1143 daAuts
     D:8: 922 daAuts
     D:1: 747 daAuts
     D:9: 742 daAuts
   Sewer: 250 daAuts
  Temple: 118 daAuts
